 Dungeon Crawl Stone Soup version 0.30.1-9-gdf580d7c3d (webtiles) character file.

Game seed: 3187320926291543803

1433 monsoonserge the Trooper (level 9, -1/79 HPs)
             Began as a Meteoran Monk on Oct 21, 2023.
             Was a Priest of Okawaru.
             Slain by an orc warrior
             ... wielding a +0 mace
              (5 damage)
             ... on level 6 of the Dungeon.
             The game lasted 00:15:17 (2475 turns).

monsoonserge the Trooper (Meteoran Monk)            Turns: 2475, Time: 00:15:18

Health: -1/79      AC: 15    Str: 13    XL:     9   Next: 23%
Magic:  12/12      EV: 17    Int: 15    God:    Okawaru [***...]
Gold:   228        SH:  0    Dex: 18    Spells: 8/8 levels left

rFire   . . .        h - +7 spear "Tumar" {protect, rPois rC+}
rCold   + . .        d - orb {light}
rNeg    . . .        v - +1 ring mail {Will+}
rPois   +            (no helmet)
rElec   .            (no cloak)
rCorr   .            (no gloves)
SInv    .            (no boots)
Will    ++...        (no amulet)
Stlth   +            (no ring)
HPRegen 0.33/turn    (no ring)
MPRegen 0.13/turn

%: no passive effects
@: confused, heroic, ambrosia-drunk, weakened, under a protective aura, glowing
A: sense surroundings 2, otherworldly, glowing, explore regen
a: Renounce Religion, Heroism


You were on level 6 of the Dungeon.
You worshipped Okawaru.
Okawaru was most pleased with you.
You visited 2 branches of the dungeon, and saw 7 of its levels.

You collected 297 gold pieces.
You spent 69 gold pieces at shops.

Inventory:

Hand Weapons
 h - the +7 spear "Tumar" (weapon) {protect, rPois rC+}
   (You found it on level 2 of the Dungeon)

   rC:        It protects you from cold.
   rPois:     It protects you from poison.
Missiles
 u - 9 poisoned darts (quivered)
Armour
 d - an orb of light (worn)
 v - a +1 ring mail of willpower (worn)
Jewellery
 a - a +6 ring of intelligence
Scrolls
 e - a scroll of teleportation {unknown}
 g - 3 scrolls of immolation {unknown}
 m - a scroll of blinking {unknown}
 o - a scroll of fog {unknown}
 p - 2 scrolls of silence
 q - 2 scrolls of enchant weapon
 r - a scroll of butterflies {unknown}
 s - a scroll of amnesia {unknown}
 y - a scroll of enchant armour {unknown}
Potions
 b - a potion of haste {unknown}
 f - 2 potions of lignification
 i - 3 potions of cancellation {unknown}
 j - a potion of attraction {unknown}
 k - 3 potions of curing {unknown}
 l - 3 potions of mutation
 n - 2 potions of berserk rage {unknown}
 t - a potion of brilliance {unknown}
 w - a potion of invisibility {unknown}
 x - a potion of might {unknown}


   Skills:
 + Level 7.3(12.3) Fighting
 - Level 4.1(9.1) Long Blades
 - Level 3.0(8.0) Polearms
 + Level 0.2(5.2) Throwing
 + Level 6.0(11.0) Armour
 + Level 7.0(12.0) Dodging
 - Level 1.0(6.0) Stealth
 + Level 3.4 Invocations


You had 8 spell levels left.
You didn't know any spells.
Your spell library contained the following spells:

 Spells                   Type           Power      Damage    Failure   Level
 Sandblast                Erth           0%         2d4       43%         1
 Passwall                 Tmut/Erth      0%         N/A       58%         2
 Stone Arrow              Conj/Erth      0%         3d7       82%         3


Dungeon Overview and Level Annotations

Branches:
Dungeon (6/15) Zot: 1128   Temple (1/1) D:5 Zot: 589

Altars:
Cheibriados
Dithmenos
Elyvilon
Hepliaklqana
Nemelex Xobeh
Okawaru
Ru
Xom
Yredelemnul

Shops:
D:2 *

Annotations:
Temple 2 transporters


Innate Abilities, Weirdness & Mutations

You passively map the area around you.
You are easily found by Zot.
You glow in the dark.
You regain HP and MP as you explore.


Message History

The gnoll bouda barely misses you. The gnoll hits you but does no damage.
You barely miss the orc warrior.
The orc warrior is heavily wounded.
The gnoll bouda hits you but does no damage.
The gnoll hits you with a +0 whip!
The orc warrior hits you with a +0 mace!
You hit the orc warrior but do no damage.
The orc warrior is heavily wounded.
The gnoll bouda hits you but does no damage.
The gnoll closely misses you.
The orc warrior hits you with a +0 mace.
You gain the combat prowess of a mighty hero.
The gnoll bouda closely misses you. The gnoll completely misses you.
The orc warrior hits you but does no damage.
You hit the orc warrior.
The orc warrior is heavily wounded.
The gnoll bouda hits you with a +0 club!
* * * LOW HITPOINT WARNING * * *
The orc warrior hits you with a +0 mace.
* * * LOW HITPOINT WARNING * * *
The gnoll hits you but does no damage.
You hit the orc warrior.
The orc warrior is severely wounded.
The orc warrior hits you with a +0 mace!
* * * LOW HITPOINT WARNING * * *
The gnoll bouda hits you but does no damage.
The gnoll hits you but does no damage.
Unknown command.
Okay, then.
You are confused.
You feel invigorated. The orc warrior misses you.
The gnoll bouda hits you with a +0 club!
* * * LOW HITPOINT WARNING * * *
The gnoll closely misses you.
You're too confused to move!
A gnoll comes into view. It is wielding a +0 club.
The gnoll bouda hits you with a +0 club.
* * * LOW HITPOINT WARNING * * *
The orc warrior hits you with a +0 mace.
You die...

, , ,** , ,, , ,...
##.#, # , #..# .## ,
,,.......###..# ,
......g.....## .
...##........ * , ..,
#..##g....... ,,...
##..##@).....$**
,...o#...#o#g###.?##
[.....S.#..S###...# ,
....o......##.#..####
..........##....#...# ,
,.........#...........,*
.:...................8
..................>.. ,
, ,, .......###........#
.8 8,


You could see an orc warrior, a gnoll bouda, 2 gnolls and an adder.

Vanquished Creatures
  The ghost of rozman the Ruffian, an amateur MiMo of Cheibriados (D:3)
  A water moccasin (D:6)
  3 ogres
  2 phantoms (D:5)
  A bullfrog (D:6)
  A scorpion (D:5)
  A howler monkey (D:5)
  A crimson imp (D:4)
  2 jellies (D:6)
  2 orc priests
  3 hounds
  Jessica (D:2)
  An iguana (D:5)
  Natasha (twice) (D:3)
  2 orc wizards
  4 gnolls (D:2)
  9 adders
  A white imp (D:4)
  2 worms
  3 dart slugs
  13 orcs
  6 endoplasms
  2 giant cockroaches
  7 goblins
  11 hobgoblins
  9 jackals
  A quokka (D:2)
  6 ball pythons
  4 bats
  3 frilled lizards
  6 kobolds
  3 rats
114 creatures vanquished.

Notes
Turn   | Place    | Note
-------+----------+-------------------------------------------
     0 | D:1      | monsoonserge the Meteoran Monk began the quest for the Orb.
     0 | D:1      | Reached XP level 1. HP: 19/19 MP: 2/2
    99 | D:1      | Reached XP level 2. HP: 26/26 MP: 3/3
   293 | D:1      | Reached XP level 3. HP: 33/33 MP: 4/4
   462 | D:2      | Identified the +7 spear "Tumar" {protect, rPois rC+}
   508 | D:2      | Reached XP level 4. HP: 39/40 MP: 5/5
   574 | D:2      | Found Mydout's Assorted Antiques.
   577 | D:2      | Bought a white potion for 22 gold pieces
   577 | D:2      | Bought a bubbling white potion for 22 gold pieces
   577 | D:2      | Bought a scroll labelled LEUCOS OZOU for 25 gold pieces
   580 | D:2      | Reached XP level 5. HP: 47/47 MP: 6/6
   625 | D:2      | Noticed Jessica
   630 | D:2      | Killed Jessica
   631 | D:2      | Reached skill level 1 in Polearms
   680 | D:2      | Reached skill level 5 in Dodging
   858 | D:2      | Identified the +7 hand axe "Epyvoob" {heavy, rN+ Dex+4}
   874 | D:2      | Reached skill level 5 in Fighting
   874 | D:2      | Reached XP level 6. HP: 56/56 MP: 7/7
   940 | D:3      | Reached skill level 1 in Armour
   950 | D:3      | Found a snail-covered altar of Cheibriados.
   971 | D:3      | Noticed an ogre
   998 | D:3      | Killed an ogre
   999 | D:3      | Reached XP level 7. HP: 61/61 MP: 8/8
  1017 | D:3      | Found a hazy altar of Hepliaklqana.
  1023 | D:3      | Found a white marble altar of Elyvilon.
  1025 | D:3      | Found an iron altar of Okawaru.
  1033 | D:3      | Became a worshipper of Warmaster Okawaru
  1033 | D:3      | Reached * piety under Okawaru
  1033 | D:3      | Reached ** piety under Okawaru
  1118 | D:3      | Found a runed translucent gate.
  1119 | D:3      | Found a runed translucent gate.
  1123 | D:3      | Found a runed translucent gate.
  1124 | D:3      | Noticed rozman's ghost (amateur MiMo)
  1140 | D:3      | Noticed Natasha
  1147 | D:3      | Killed Natasha
  1156 | D:3      | Reached skill level 1 in Invocations
  1220 | D:3      | Reached skill level 1 in Stealth
  1233 | D:3      | Killed rozman's ghost
  1249 | D:3      | Noticed Natasha
  1260 | D:3      | Killed Natasha
  1559 | D:4      | Reached XP level 8. HP: 70/70 MP: 11/11
  1663 | D:4      | Found a sparkling altar of Nemelex Xobeh.
  1965 | D:5      | Entered Level 5 of the Dungeon
  2080 | D:5      | Reached *** piety under Okawaru
  2211 | D:5      | Found a staircase to the Ecumenical Temple.
  2214 | D:5      | Reached skill level 5 in Armour
  2225 | Temple   | Entered the Ecumenical Temple
  2225 | Temple   | Found a transporter.
  2225 | Temple   | Found a transporter.
  2391 | D:6      | Gained mutation: You passively map the area around you.
                  | [Meteoran growth]
  2391 | D:6      | Reached XP level 9. HP: 64/78 MP: 12/12
  2420 | D:6      | Found a sacrificial altar of Ru.
  2474 | D:6      | HP: 2/79 [gnoll bouda/+0 club (9)]
  2475 | D:6      | Slain by an orc warrior

Illustrated notes

Levels and vault maps discovered:
D:1:      co_arrival_two_rings, layout_loops_ring
D:2:      layout_loops_corners, serial_shops, shop, uniq_jessica
D:3:      layout_basic, mainiacjoe_overflow_tiny_flanked,
          grunt_temple_overflow_open, gammafunk_ghost_split,
          minmay_misc_feat_iff, uniq_natasha
D:4:      layout_basic, nicolae_overflow_crystal_walls, minmay_fire_ice_demons
D:5:      layout_loops_ring, minmay_temple_entry_grid
D:6:      layout_cave_pools, lemuel_tele_altar, mainiacjoe_overflow_catwalk,
          serial_column_ruins, column_ruins_square_small,
          column_ruins_open_tiny, column_ruins_columns_dead_end,
          column_ruins_corridor_straight, column_ruins_open_small,
          column_ruins_columns_water
Temple:   hellmonk_temple_divided_pantheon

Skill      XL: |  1  2  3  4  5  6  7  8  9 |
---------------+----------------------------+-----
Long Blades    | 4 |  4.1
Dodging        | 4 5 6 7 |  7.0
Fighting       | 4 5 6 7 |  7.3
Polearms       | 1 2 3 |  3.0
Armour         | 1 3 5 6 |  6.0
Invocations    | 2 3 |  3.4
Stealth        | 1 |  1.0
Throwing       | |  0.2

Action                     |  1- 3 |  4- 6 |  7- 9 || total
---------------------------+-------+-------+-------++-------
  Melee: Falchion          |    69 |       |       ||    69
         Spear             |     8 |    67 |   200 ||   275
  Throw: Dart              |       |       |     2 ||     2
 Invoke: Heroism           |       |       |     2 ||     2
    Use: Scroll            |       |       |     4 ||     4
         Potion            |       |       |     1 ||     1
 Armour: Robe              |     9 |     2 |       ||    11
         Ring mail         |       |    30 |    79 ||   109
  Dodge: Dodged            |    30 |    32 |    99 ||   161
